Unix xNetHack Version 7.1.0 - last build Jun 10 2022 16:52:22 (33bbff3b7d1ce07880d5c4b1c5efc7e91935e5b9). Game began 2022-06-27 07:25:51, ended 2022-06-27 07:54:23. elenmirie, neutral female human Tourist ---- --.<-- |..%.-- |.....| --....| --^..| ---.| |.| |.| |@| |.h |..G --.| .| .- . -- Elenmirie the Sightseer St:9 Dx:13 Co:16 In:12 Wi:10 Ch:17 Neutral Dlvl:4 $:1428 HP:0(37) Pw:13(13) AC:7 Xp:4/119 T:3582 Latest messages: The dart hits the dwarf. The dwarf swings her broad pick. The dwarf bashes you! In what direction? j The dart hits the dwarf. In what direction? j You kill the dwarf! a - 3 uncursed +2 darts (at the ready) {3}. $ - 111 gold pieces {1}. There are several more objects here. The gnome zaps a steel wand! The sleep ray hits you! The sleep ray bounces! The sleep ray bounces! The gray stone misses the gnome. A gray stone misses you. The gray stone hits the gnome. The gnome picks up a gray stone. The gray stone hits the gnome! The gnome is killed! The hobbit shoots a gray stone! A gray stone misses you. The hobbit picks up 2 gray stones. The hobbit picks up a wand of sleep. The hobbit picks up a crossbow. The hobbit shoots a gray stone! You are hit by a gray stone. You are hit by a gray stone. You are hit by a gray stone. You are hit by a gray stone! You are hit by a rock. You dream that you hear the howling of the CwnAnnwn... A rock misses you. The hobbit shoots a rock! You are hit by a rock. The hobbit picks up 2 gems. The hobbit picks up 2 arrows. The hobbit picks up a staff. The hobbit shoots a rock! You are almost hit by a rock. The hobbit shoots a rock! You are hit by a rock. The hobbit shoots a violet gem! You are hit by a violet gem. You die... Do you want your possessions identified? [ynq] (y) y Do you want to see your attributes? [ynq] (y) y Do you want an account of creatures vanquished? [ynaq] (y) y Do you want to see your conduct and achievements? [ynq] (y) y Do you want to see the dungeon overview? [ynq] (y) y Major events: Turn 1: elenmirie the neutral female human Tourist entered the dungeon 869: attained the rank of Sightseer (level 3) 2512: bestowed with Giantslayer by The Lady 2799: entered the Gnomish Mines 3354: found Mjollnir on the floor 3582: killed by a worthless piece of violet glass, while sleeping Inventory: Inventory: 496/675 weight (34/52 slots) Coins $ - 1428 gold pieces {14} Weapons a - 24 uncursed +2 darts (at the ready) {24} H - an uncursed +0 orcish dagger {10} N - the uncursed rustproof +0 Giantslayer (weapon in hand) {40} V - the cursed rustproof +0 Mjollnir {50} Armor x - an uncursed +0 orcish helm {30} l - an uncursed +0 pair of low boots (being worn) {8} k - an uncursed +0 Hawaiian shirt with a water nymph motif (being worn) {4} p - an uncursed +0 leather jacket (being worn) {23} Comestibles c - an uncursed food ration {20} e - an uncursed lembas wafer {5} b - 2 uncursed tripe rations {20} Scrolls o - an uncursed scroll of charging {5} t - an uncursed scroll of create monster {5} P - an uncursed scroll of destroy armor {5} s - 2 uncursed scrolls of enchant weapon {10} S - a cursed scroll of food detection {5} B - an uncursed scroll of gold detection {5} W - a cursed scroll of identify {5} O - 2 uncursed scrolls of light {10} j - 4 uncursed scrolls of magic mapping {20} Y - 4 cursed scrolls of magic mapping {20} X - a cursed scroll of teleportation {5} Potions f - a cursed potion of extra healing {20} d - a cursed potion of monster detection {20} T - an uncursed potion of paralysis {20} Q - a cursed potion of paralysis {20} Z - a cursed potion of restore ability {20} C - an uncursed potion of speed {20} Rings g - a cursed ring of fire resistance {3} F - an uncursed +1 ring of protection (on right hand) {3} Wands R - an uncursed wand of light (0:10) {7} U - an uncursed wand of slow monster (0:6) {7} Tools n - an uncursed credit card {1} m - an uncursed expensive camera (0:39) {12} Elenmirie the Tourist's attributes: Background: You were a Sightseer, a level 4 female human Tourist. You were neutral, on a mission for The Lady who was opposed by Blind Io (lawful) and Offler (chaotic). You were heterosexual. You were in the Gnomish Mines, on level 4. You entered the dungeon 3582 turns ago. You had 119 experience points, 41 more were needed to attain level 5. Basics: You had 0 out of 37 hit points. You had all 13 energy points (spell power). Your armor class was 7. Your wallet contained 1428 zorkmids. Autopickup was on for '$' plus thrown. Final Characteristics: Your strength was 9 (limit:18/100). Your dexterity was 13 (limit:18). Your constitution was 16 (limit:18). Your intelligence was 12 (limit:18). Your wisdom was 10 (limit:18). Your charisma was 17 (limit:18). Final Status: You were not hungry. You were unencumbered. You were wielding a long sword. You were unskilled in long sword. Final Attributes: You were piously aligned. You were aware of the presence of something. You had a small defense bonus (+1). You were warded. You are dead. Miscellaneous: You encountered 2 bones levels. Total elapsed playing time was 28 minutes and 31 seconds. Vanquished creatures: a shrieker 2 kittens a dwarf an iguana a giant rat a gnome a gnome zombie 5 geckos 7 jackals a fox 4 goblins 2 grid bugs 5 lichens a kobold zombie 6 newts 39 creatures vanquished. No species were genocided or became extinct. Voluntary challenges: You were illiterate. You never genocided any monsters. You never polymorphed an object. You never changed form. You used no wishes. You never owned a pet. You never scared an enemy with impunity. You were celibate. You never generated conflict. Achievements: You attained the rank of Sightseer. You entered the Gnomish Mines. The Dungeons of Doom: levels 1 to 5 Level 1: A fountain, a sink. Level 2: An altar to The Lady, a fountain. Level 3: Stairs down to The Gnomish Mines. Level 4: An altar. Level 5: Final resting place for elenmirie-Tou-Hum-Fem-Neu, killed by a water moccasin, elenmirie-Tou-Hum-Fem-Neu, killed by a water moccasin, while sleeping. The Gnomish Mines: Level 4: <- You were here. Final resting place for you, killed by a worthless piece of violet glass, while sleeping, nmlkj-Wiz-Hum-Mal-Cha, killed by a gnome, while fainted from lack of food, nmlkj-Wiz-Hum-Mal-Cha, killed by a crossbow bolt, while sleeping. Game over: __________ / \ / REST \ / IN \ / PEACE \ / \ | elenmirie | | 1428 Au | | killed by a | | worthless piece | | of violet glass | | | | 2022 | *| * * * | * _________)/\\_//(\/(/\)/\//\/|_)_______ Aloha elenmirie the Tourist... You died in The Gnomish Mines on dungeon level 4 with 1822 points, and 1428 pieces of gold, after 3582 moves. You were level 4 with a maximum of 37 hit points when you died.